 Dungeon Crawl Stone Soup version 0.27.1-1-g398f81649c (webtiles) character file.

Game seed: 12219359387052538316

75 Descartes the Chopper (level 4, 0/41 HPs)
             Began as a Hill Orc Monk on Sept 21, 2021.
             Killed from afar by an orc wizard (5 damage)
             ... with a puff of flame
             ... on level 3 of the Dungeon.
             The game lasted 00:02:49 (1714 turns).

Descartes the Chopper (Hill Orc Monk)               Turns: 1714, Time: 00:02:49

Health: 0/41       AC:  4    Str: 14    XL:     4   Next: 31%
Magic:  13/13      EV: 12    Int: 10    God:
Gold:   138        SH:  0    Dex: 13    Spells: 3/3 levels left

rFire    . . .     SeeInvis .   a - +0 hand axe
rCold    . . .     Faith    .   (no shield)
rNeg     . . .     Spirit   .   e - +0 robe
rPois    .         Reflect  .   (no helmet)
rElec    .         Harm     .   (no cloak)
rCorr    .         Rampage  .   q - +0 pair of gloves
Will     .....                  l - +0 pair of boots
Stlth    +.........             (no amulet)
HPRegen  0.13/turn              f - ring of magical power
MPRegen  0.13/turn              (no ring)

@: confused
A: no striking features
a: no special abilities


You were on level 3 of the Dungeon.
You visited 1 branch of the dungeon, and saw 3 of its levels.

You collected 138 gold pieces.

Inventory:

Hand Weapons
 a - a +0 hand axe (weapon)
 b - a +1 hunting sling of flaming
Missiles
 g - 48 stones (quivered)
Armour
 e - a +0 robe (worn)
 l - a +0 pair of boots (worn)
 q - a +0 pair of gloves (worn)
Magical Staves
 o - a staff of earth
Jewellery
 f - a ring of magical power (left hand)
Scrolls
 c - a scroll of identify {unknown}
 d - 3 scrolls of torment {unknown}
 i - a scroll of amnesia {unknown}
 j - 2 scrolls of magic mapping {unknown}
 m - a scroll of fear {unknown}
 p - a scroll of noise {unknown}
Potions
 h - a potion of curing
 k - a potion of haste {unknown}
 n - a potion of ambrosia {unknown}


   Skills:
 + Level 4.5 Fighting
 * Level 5.9 Axes
 - Level 2.4 Dodging
 - Level 1.5 Stealth


You had 3 spell levels left.
You didn't know any spells.
Your spell library was empty.

Dungeon Overview and Level Annotations

Branches:
Dungeon (3/15)

Altars:
Qazlal
Yredelemnul


Message History

You kill the orc!
An orc comes into view. It is wielding a +0 war axe.
You see here a +0 mace.
The orc wizard hits you with a +0 dagger.
The orc shouts!
You hit the orc wizard but do no damage.
The orc wizard hits you but does no damage.
You hit the orc wizard.
The orc wizard is lightly wounded.
You hit the orc.
The orc wizard mumbles some strange words.
The orc wizard flickers and vanishes!
Deactivating autopickup; reactivate with Ctrl-A.
The orc barely misses you.
You see here a +0 mace.
You miss something. Something hits you.
You miss something. Something hits you but does no damage.
You miss something. Something hits you.
You barely miss something. Something completely misses you.
You hit something but do no damage. Something hits you but does no damage.
You hit something. Something hits you.
You hit something. Something hits you but does no damage.
You miss something. Something hits you but does no damage.
You hit something but do no damage. Something hits you.
You hit something.
You hear some strange, mumbled words.
You are confused.
You hit something.
You hear some strange, mumbled words.
A puff of flame appears from out of thin air!
The puff of flame hits you!
* * * LOW HITPOINT WARNING * * *
You bump into the rock wall.
Something hits you but does no damage.
You bump into the rock wall.
Something hits you.
* * * LOW HITPOINT WARNING * * *
You miss something.
You hear some strange, mumbled words.
A puff of flame appears from out of thin air!
The puff of flame hits you.
You die...

.. .. .## ..## #..# #######
########### #..##....... ##
#.........# #o.......... .#
#.........# #{###.......
.###.........# #@# .......
..##.........###.###..........
................).##.........
#.##................)....#..#
#...<........####...)..#....##.#
####.........# #.####.##....#.#.
#...>.....# #............#.#.
###..###### #................
#..# #.......)........


You could see an orc.

Vanquished Creatures
  3 adders
  A dart slug (D:3)
  5 orcs (D:3)
  4 ball pythons (D:1)
  2 endoplasms (D:2)
  3 giant cockroaches
  4 goblins
  4 hobgoblins
  A kobold (D:1)
  A quokka (D:1)
  3 bats
  7 frilled lizards
  5 rats
43 creatures vanquished.

Notes
Turn   | Place    | Note
-------+----------+-------------------------------------------
     0 | D:1      | Descartes the Hill Orc Monk began the quest for the Orb.
     0 | D:1      | Reached XP level 1. HP: 19/19 MP: 1/1
   216 | D:1      | Reached XP level 2. HP: 26/27 MP: 2/2
   570 | D:1      | Reached skill level 5 in Axes
   722 | D:2      | Reached XP level 3. HP: 32/33 MP: 3/3
   749 | D:2      | Found a basalt altar of Yredelemnul.
  1063 | D:2      | Found a faded altar of an unknown god.
  1470 | D:3      | Reached XP level 4. HP: 39/41 MP: 4/4
  1486 | D:3      | Found a stormy altar of Qazlal.
  1714 | D:3      | Killed from afar by an orc wizard

Illustrated notes

Levels and vault maps discovered:
D:1:      saegor_arrival_miasma, layout_rooms, chequers_serial_rivers_large_b,
          nrook_uturn
D:2:      layout_rooms, basic_ecumenical_altar, basic_altar
D:3:      layout_rooms, lemuel_doored_altar, nicolae_sif_muna_little_library

Skill      XL: |  1  2 |
---------------+-------+-----
Fighting       | 4 |  4.5
Axes           | 5 |  5.9
Dodging        | |  2.4
Stealth        | |  1.5

Action                   |  1- 3 |  4- 6 || total
-------------------------+-------+-------++-------
Melee: Hand axe          |    80 |    40 ||   120
 Stab: Sleeping          |     3 |       ||     3
Armor: Robe              |    17 |    10 ||    27
Dodge: Dodged            |    58 |    15 ||    73
